 Dungeon Crawl Stone Soup version 0.31-a0-765-g67fe2935dc (webtiles) character file.

Game seed: 13187683053963000698

28 Dittersdorf the Grave Robber (level 3, 24/24 HPs)
             Began as a Mummy Necromancer on Sept 15, 2023.
             Quit the game on level 2 of the Dungeon.
             The game lasted 00:03:25 (1580 turns).

Dittersdorf the Grave Robber (Mummy Necromancer)    Turns: 1580, Time: 00:03:25

Health: 24/24      AC:  3    Str: 13    XL:     3   Next: 0%
Magic:  5/7        EV: 11    Int: 14    God:
Gold:   79         SH:  5    Dex: 12    Spells: 7/8 levels left

rFire   x . .        d - +0 short sword
rCold   + . .        e - +2 buckler
rNeg    + + +        a - +0 robe
rPois   ∞            (no helmet)
rElec   .            (no cloak)
rCorr   .            (no gloves)
SInv    .            f - +0 pair of boots
Will    .....        (no amulet)
Stlth   ++           (no ring)
HPRegen 0.24/turn    (no ring)
MPRegen 0.10/turn

%: faith
@: no status effects
A: cold resistance 1, negative energy resistance 3, torment resistance 2, heat
vulnerability 1, in touch with death 1, no potions, faith
a: no special abilities


You were on level 2 of the Dungeon.
You visited 1 branch of the dungeon, and saw 2 of its levels.

You collected 79 gold pieces.

Inventory:

Hand Weapons
 d - a +0 short sword (weapon)
Armour
 a - a +0 robe (worn)
 e - a +2 buckler (worn)
 f - a +0 pair of boots (worn)
Jewellery
 g - a ring of ice
Scrolls
 b - a scroll of silence {unknown}
 c - 2 scrolls of identify {unknown}
 h - a scroll of fog {unknown}
 i - a scroll of butterflies {unknown}
 j - a scroll of teleportation {unknown}


   Skills:
 + Level 2.0 Dodging
 + Level 2.0 Stealth
 + Level 3.2 Spellcasting
 + Level 4.2 Necromancy


You had 7 spell levels left.
You knew the following spells:

 Your Spells              Type           Power      Damage    Failure   Level
a - Necrotise             Necr           84%        1d8       4%          1

Your spell library contained the following spells:

 Spells                   Type           Power      Damage    Failure   Level
 Vampiric Draining        Necr           21%        2d7       16%         3
 Ensorcelled Hibernation  Hex/Ice        4%         N/A       41%         2
 Passwall                 Tmut/Erth      1%         N/A       41%         2
 Animate Dead             Necr           21%        N/A       45%         4
 Ozocubu's Armour         Ice            2%         N/A       65%         3
 Swiftness                Air            2%         N/A       65%         3
 Agony                    Necr           21%        N/A       80%         5
 Ozocubu's Refrigeration  Ice            1%         4d7       100%        7


Dungeon Overview and Level Annotations

Branches:
Dungeon (2/15)

Altars:

Annotations:
D:2 Sigmund


Innate Abilities, Weirdness & Mutations

You are immune to poison.
Your flesh is cold resistant. (rC+)
You are immune to negative energy. (rN+++)
You are immune to unholy pain and torment.
You are vulnerable to heat. (rF-)
You are in touch with the powers of death.
You do not drink.
You have a special connection with the divine. (Faith)


Message History

You pick up Ozocubu's Autobiography and begin reading...
You add the spells Ozocubu's Armour and Ozocubu's Refrigeration to your library.
You see here an emerald potion.
h - a scroll labelled WELOTH JUJE
Found 5 gold pieces.
Found a scroll labelled ANGINEW INIETH.
A rat comes into view.
Found a stone staircase leading down.
Found a scroll labelled SAUFUTR WIDDA.
You see here 5 gold pieces.
Aiming: Necrotise (safe; 5% risk of failure)
Press: ? - help, Q - select action Shift-Dir - straight line, f - rat
Aim: a rat (asleep, chance to affect: 90%)
You feel a surge of power!
The rat writhes in agony!
You kill the rat!
The dead are walking!
You start resting.
Magic restored.
You now have 79 gold pieces (gained 5).
You swap places.
i - a scroll labelled ANGINEW INIETH
j - a scroll labelled SAUFUTR WIDDA Your rat skeleton crumbles into dust!
Found a great sword.
You see here a +0 great sword.
You see here a +0 great sword.
A ball python comes into view.
Aiming: Necrotise (safe; 5% risk of failure)
Press: ? - help, Q - select action Shift-Dir - straight line, f - ball python
Aim: a ball python (asleep, chance to affect: 90%)
You feel a surge of power!
The ball python hisses angrily.
The ball python writhes in agony.
You kill the ball python!
The dead are slithering!
You have reached level 3!
Your experience leads to an increase in your attributes!
Increase (S)trength, (I)ntelligence, or (D)exterity?
You feel stronger. x2
Are you sure you want to abandon this character and quit the game? (Confirm with "yes".)

#.............#
#.#########...#
#.# #...## #.#
#...). #.# #..###
###.#########..###
#.................
#.#.##...#########
#@#.##...####.....
#.#>.....+.##.####
#.#.#....#.##....#
#.#.##..........#.
#Z#.###..#.##.##.#
#.#.# #..#.##.#.#.
#.# ............#
#.# ######.##.#.#.
#.##.#..#


You could see a friendly ball python skeleton.

Vanquished Creatures
  An adder (D:2)
  2 endoplasms
  A giant cockroach (D:2)
  2 hobgoblins (D:1)
  2 quokkas
  4 ball pythons
  A bat (D:2)
  A frilled lizard (D:1)
  4 rats
18 creatures vanquished.

Vanquished Creatures (collateral kills)
  A hobgoblin (D:1)
1 creature vanquished.

Grand Total: 19 creatures vanquished

Notes
Turn   | Place    | Note
-------+----------+-------------------------------------------
     0 | D:1      | Dittersdorf the Mummy Necromancer began the quest for the
                  | Orb.
     0 | D:1      | Reached XP level 1. HP: 13/13 MP: 4/4
   483 | D:1      | Reached XP level 2. HP: 19/19 MP: 3/6
  1062 | D:2      | Noticed Sigmund
  1580 | D:2      | Reached XP level 3. HP: 24/24 MP: 5/7
  1580 | D:2      | Quit the game

Illustrated notes

Levels and vault maps discovered:
D:1:      dpeg_arrival_rhombi, layout_basic, nicolae_kite_square_tiling_tiny,
          chequers_avenue
D:2:      minmay_skewed_foursquare, layout_basic, st_stairs_12,
          minmay_tiny_reverse_x, uniq_sigmund

Skill      XL: |  1  2 |
---------------+-------+-----
Spellcasting   | 3 |  3.2
Stealth        | 2 |  2.0
Dodging        | 2 |  2.0
Necromancy     | |  4.2

Action                     || total
---------------------------++-------
  Melee: Short sword       ||     1
  Throw: Dart              ||     3
   Cast: Necrotise         ||    35
 Armour: Robe              ||     5
  Dodge: Dodged            ||     4
  Block: Buckler           ||     1

Table legend: (Time is in decaauts)
 A = Elapsed time spent in this place.
 B = Non-inter-level travel time spent in this place.
 C = Inter-level travel time spent in this place.
 D = Time resting spent in this place.
 E = Time spent auto-exploring this place.
 F = Levels seen in this place.
 G = Mean time per level.
                   A        B        C        D        E       F      G
               +--------+--------+--------+--------+--------+-----+--------+
         Total |   1580 |   1531 |     49 |    145 |    996 |   2 |  790.0 |
       Dungeon |   1580 |   1531 |     49 |    145 |    996 |   2 |  790.0 |
               +--------+--------+--------+--------+--------+-----+--------+

Top non-repeatable levels by time:
     D:1: 1139 daAuts
     D:2: 441 daAuts
